 Dungeon Crawl Stone Soup version 0.22.1-6-g1668fe2 (webtiles) character file.

28534 Fang the Cleaver (level 13, -4/127 HPs)
             Began as a Gargoyle Berserker on Jan 22, 2019.
             Was a High Priest of Trog.
             Slain by a 12-headed hydra (6 damage)
             ... on level 4 of the Lair of Beasts.
             The game lasted 00:20:58 (15814 turns).

Fang the Cleaver (Gargoyle Berserker)              Turns: 15814, Time: 00:20:59

Health: -4/127     AC: 29    Str: 30    XL:     13   Next: 39%
Magic:  13/13      EV:  9    Int:  9    God:    Trog [*****.]
Gold:   820        SH:  0    Dex:  9    Spells: 12/12 levels left

rFire    . . .     SeeInvis .   r - +2 war axe (freeze)
rCold    . . .     Gourm    .   (no shield)
rNeg     + . .     Faith    .   w - +1 plate armour
rPois    ∞         Spirit   .   (no helmet)
rElec    +         Reflect  .   e - +2 cloak
rCorr    .         Harm     .   (no gloves)
MR       +....                  (no boots)
Stlth    ..........             v - amulet of regeneration
HPRegen  0.71/turn              k - +5 ring of slaying
MPRegen  0.13/turn              a - ring of protection from magic

@: berserking, very quick
A: negative energy resistance 1, electricity resistance, unbreathing,
petrification resistance, rot immunity, AC +9
a: Berserk, Trog's Hand, Brothers in Arms, Renounce Religion


You were on level 4 of the Lair of Beasts.
You worshipped Trog.
Trog was extremely pleased with you.
You were very hungry.

You visited 3 branches of the dungeon, and saw 16 of its levels.

You collected 820 gold pieces.

Inventory:

Hand Weapons
 r - a +2 war axe of freezing (weapon)
 M - a +5 hand axe of freezing
Armour
 e - a +2 cloak (worn)
 w - a +1 plate armour (worn)
Jewellery
 a - a ring of protection from magic (right hand)
 k - a +5 ring of slaying (left hand)
 v - an amulet of regeneration (around neck)
 y - an uncursed ring of protection from magic
Wands
 l - a wand of paralysis (24)
 n - a wand of polymorph (12)
 x - a wand of digging (13)
 A - a wand of flame (16)
 I - a wand of scattershot (6)
 J - a wand of disintegration (12)
Scrolls
 b - 2 scrolls of magic mapping
 d - 8 scrolls of identify
 f - a scroll of fog
 m - a scroll of summoning
 o - a scroll of fear
 p - 2 scrolls of teleportation
 t - a scroll of blinking
 E - 6 scrolls of remove curse
Potions
 g - 2 potions of brilliance
 h - 4 potions of lignification
 i - a potion of curing
 j - 3 potions of ambrosia
 q - 3 potions of flight
 s - a potion of haste
 u - 2 potions of heal wounds
 z - a potion of invisibility
 B - 3 potions of cancellation
 C - 2 potions of might
 D - 3 potions of agility
 G - 2 potions of resistance
Comestibles
 c - 29 rations
 F - 3 chunks of flesh


   Skills:
 + Level 11.7 Fighting
 + Level 14.8 Axes
 + Level 11.1 Armour
 + Level 3.9 Dodging
 + Level 1.9 Stealth


You had 12 spell levels left.
You didn't know any spells.
Your spell library was empty.

Dungeon Overview and Level Annotations

Branches:
Dungeon (11/15)            Temple (1/1) D:6            Lair (4/6) D:11
 Shoals (0/4) Lair:3       Spider (0/4) Lair:4
    Orc: D:9-12

Altars:
Cheibriados
Dithmenos
Fedhas
Nemelex Xobeh
Qazlal
Ru
Wu Jian

Shops:
D:11 }

Annotations:
Lair:2 exclusion: 2 oklob plants


Innate Abilities, Weirdness & Mutations

You are resistant to torment.
Your stone body is resilient. (AC +9)
You are immune to poison.
You resist negative energy. (rN+)
You are resistant to electric shocks. (rElec)
You can survive without breathing.
You are immune to petrification.
You are immune to rotting.


Message History

You lop one of the 11-headed hydra's heads off!
The ten-headed hydra grows two more!
You slash the 12-headed hydra!
The 12-headed hydra seems to slow down.
You freeze the 12-headed hydra.
The 12-headed hydra is moderately wounded.
Unknown command.
You barely miss the 12-headed hydra.
The 12-headed hydra is moderately wounded.
The 12-headed hydra bites you.
* * * LOW HITPOINT WARNING * * *
The 12-headed hydra bites you but does no damage.
The 12-headed hydra misses you.
The 12-headed hydra bites you but does no damage.
The 12-headed hydra completely misses you.
The 12-headed hydra bites you.
* * * LOW HITPOINT WARNING * * *
The 12-headed hydra barely misses you. The 12-headed hydra bites you.
* * * LOW HITPOINT WARNING * * *
The 12-headed hydra bites you but does no damage. x3
The 12-headed hydra bites you.
You die...

...# P.. ...## #.#
.... ....# ##.## ....
...######...# ##...#
....##.....## ....#
.....#.#..#.##
###...#
.......#.##..###...#
.....#...........D.#
................@..#
..............†....##
....................#
........##.##.#P.####
.####.############ #
##


You could see a 12-headed hydra.

Vanquished Creatures
  Rupert (Lair:4)
  Erica (Lair:1)
  6 two-headed ogres
  Urug (D:10)
  An unseen horror (D:11)
  A deep elf mage (D:7)
  Maurice (D:11)
  2 torpor snails (Lair:2)
  4 spiny frogs
  A centaur skeleton (D:11)
  5 komodo dragons
  A troll (D:10)
  10 blink frogs
  3 dream sheep (Lair:2)
  5 hippogriffs
  2 redbacks (Lair:4)
  2 shadows (D:11)
  Sigmund (D:2)
  23 yaks
  A wyvern (Lair:4)
  2 hungry ghosts
  10 porcupines
  6 water moccasins
  3 orc warriors
  2 black bears
  3 ice beasts
  3 phantoms
  3 sky beasts
  9 centaurs
  7 ogres
  A necrophage (D:8)
  A hornet zombie (D:7)
  8 wolves
  7 crocodiles
  A big kobold (D:9)
  Blork the orc (D:4)
  9 bullfrogs
  3 scorpions
  2 howler monkeys
  5 crimson imps
  A bullfrog zombie (D:6)
  2 jellies
  3 orc priests (D:5)
  2 gnoll shamans
  5 hounds
  14 orc wizards
  3 bullfrog skeletons
  Natasha (thrice) (D:3)
  4 iguanas
  8 worker ants
  2 hound skeletons
  9 gnolls
  17 adders
  4 oozes
  An adder skeleton (D:5)
  6 worms
  4 dart slugs
  A leopard gecko (D:3)
  36 orcs
  A ball python (D:4)
  7 bats
  5 giant cockroaches
  12 goblins
  6 hobgoblins
  17 jackals
  5 quokkas
  A frilled lizard (D:3)
  A giant cockroach zombie (D:3)
  16 kobolds
  A leopard gecko skeleton (D:5)
  2 quokka skeletons
  8 rats
  3 fungi (D:11)
  2 plants (D:11)
370 creatures vanquished.

Vanquished Creatures (collateral kills)
  2 hydras
2 creatures vanquished.

Vanquished Creatures (others)
  A bush (Lair:3)
  5 fungi
  2 plants
8 creatures vanquished.

Grand Total: 380 creatures vanquished

Notes
Turn   | Place    | Note
-------+----------+-------------------------------------------
     0 | D:1      | Fang the Gargoyle Berserker began the quest for the Orb.
     0 | D:1      | Reached XP level 1. HP: 14/14 MP: 1/1
    79 | D:1      | Reached XP level 2. HP: 17/19 MP: 2/2
   267 | D:1      | Reached skill level 3 in Axes
   557 | D:1      | Reached XP level 3. HP: 24/24 MP: 3/3
  1229 | D:2      | Reached XP level 4. HP: 16/29 MP: 4/4
  1608 | D:2      | Reached ** piety under Trog
  1904 | D:2      | Noticed Sigmund
  1925 | D:2      | Killed Sigmund
  1925 | D:2      | Reached skill level 4 in Axes
  1925 | D:2      | Reached XP level 5. HP: 34/34 MP: 5/5
  1925 | D:2      | Reached XP level 6. HP: 39/39 MP: 6/6
  2478 | D:2      | Reached skill level 5 in Axes
  2932 | D:3      | Noticed Natasha
  2939 | D:3      | Killed Natasha
  3075 | D:3      | Noticed Natasha
  3084 | D:3      | Killed Natasha
  3104 | D:3      | Noticed Natasha
  3122 | D:3      | Killed Natasha
  3122 | D:3      | Reached *** piety under Trog
  3122 | D:3      | Reached XP level 7. HP: 44/44 MP: 7/7
  3704 | D:4      | Noticed Blork the orc
  3716 | D:4      | Killed Blork the orc
  3727 | D:4      | Reached skill level 6 in Axes
  4103 | D:4      | Reached **** piety under Trog
  4259 | D:5      | Entered Level 5 of the Dungeon
  4267 | D:5      | Reached skill level 5 in Fighting
  4290 | D:5      | Found a faded altar of an unknown god.
  4290 | D:5      | Found a faded altar of an unknown god.
  4427 | D:5      | Found a stormy altar of Qazlal.
  4429 | D:5      | Found a blossoming altar of Fedhas.
  4431 | D:5      | Found a sparkling altar of Nemelex Xobeh.
  4497 | D:5      | Reached XP level 8. HP: 46/49 MP: 8/8
  4729 | D:5      | Found a shadowy altar of Dithmenos.
  4742 | D:5      | Reached skill level 7 in Axes
  5348 | D:5      | Found a snail-covered altar of Cheibriados.
  5423 | D:6      | Reached skill level 1 in Stealth
  5500 | D:6      | Found an ornate altar of the Wu Jian Council.
  5878 | D:6      | Reached skill level 5 in Armour
  5919 | D:6      | Reached skill level 8 in Axes
  5919 | D:6      | Reached XP level 9. HP: 31/55 MP: 9/9
  6185 | D:6      | Found a staircase to the Ecumenical Temple.
  6974 | Temple   | Entered the Ecumenical Temple
  7020 | D:7      | Reached ***** piety under Trog
  7366 | D:7      | Reached skill level 9 in Axes
  7561 | D:7      | Received a gift from Trog
  7874 | D:7      | Noticed a deep elf mage
  7883 | D:7      | Killed a deep elf mage
  7913 | D:7      | Reached XP level 10. HP: 57/63 MP: 10/10
  8135 | D:8      | Reached skill level 10 in Axes
  8231 | D:8      | Noticed a two-headed ogre
  8240 | D:8      | Killed a two-headed ogre
  8405 | D:8      | Found a sacrificial altar of Ru.
  8639 | D:8      | Noticed a two-headed ogre
  8649 | D:8      | Killed a two-headed ogre
  9018 | D:8      | Noticed a two-headed ogre
  9029 | D:8      | Killed a two-headed ogre
  9029 | D:8      | Reached skill level 11 in Axes
  9464 | D:8      | Reached XP level 11. HP: 49/69 MP: 11/11
 10104 | D:9      | Noticed a two-headed ogre
 10112 | D:9      | Killed a two-headed ogre
 10560 | D:10     | Entered Level 10 of the Dungeon
 10608 | D:10     | Found a blossoming altar of Fedhas.
 10739 | D:10     | Noticed a two-headed ogre
 10754 | D:10     | Killed a two-headed ogre
 10754 | D:10     | Reached skill level 12 in Axes
 11343 | D:10     | Noticed Urug
 11357 | D:10     | Killed Urug
 11894 | D:11     | Found Gingepsun's Gadget Emporium.
 11901 | D:11     | Received a gift from Trog
 12013 | D:11     | Noticed Maurice
 12079 | D:11     | Noticed a two-headed ogre
 12093 | D:11     | Killed a two-headed ogre
 12298 | D:11     | Killed an unseen horror
 12368 | D:11     | Found a staircase to the Lair.
 12407 | D:11     | Reached XP level 12. HP: 67/77 MP: 12/12
 12455 | D:11     | Reached skill level 13 in Axes
 12505 | D:11     | Killed Maurice
 12734 | D:11     | Reached skill level 10 in Fighting
 12888 | Lair:1   | Entered Level 1 of the Lair of Beasts
 13267 | Lair:1   | Reached skill level 10 in Armour
 13484 | Lair:1   | Noticed Erica
 13493 | Lair:1   | Killed Erica
 13508 | Lair:1   | Noticed an eight-headed hydra
 13511 | Lair:1   | Killed a nine-headed hydra
 13530 | Lair:1   | Found a dark tunnel.
 13942 | Lair:2   | Reached skill level 14 in Axes
 14136 | Lair:2   | Reached XP level 13. HP: 62/84 MP: 13/13
 14605 | Lair:3   | Found a staircase to the Shoals.
 15607 | Lair:4   | Noticed Rupert
 15623 | Lair:4   | Killed Rupert
 15696 | Lair:4   | Reached ****** piety under Trog
 15704 | Lair:4   | Found a hole to the Spider Nest.
 15814 | Lair:4   | HP: 2/127 [12-headed hydra (5)]
 15814 | Lair:4   | Slain by a 12-headed hydra

Skill      XL: |  1  2  3  4  5  6  7  8  9 10 11 12 13 |
---------------+----------------------------------------+-----
Axes           | 3 4 5 6 8 9 11 12 14 | 14.8
Fighting       | 4 5 6 7 8 9 11 | 11.7
Dodging        | 2 3 |  3.9
Armour         | 3 5 6 8 9 10 11 | 11.1
Stealth        | 1 |  1.9

Action                   |  1- 3 |  4- 6 |  7- 9 | 10-12 | 13-15 || total
-------------------------+-------+-------+-------+-------+-------++-------
Melee: Hand axe          |    88 |   205 |    56 |    58 |       ||   407
       War axe           |       |       |   273 |   438 |    94 ||   805
Invok: Berserk           |     1 |     3 |     1 |     5 |     1 ||    11
       Brothers in Arms  |       |       |       |     1 |     1 ||     2
  Use: Scroll            |       |       |       |    27 |       ||    27
  Eat: Chunk             |     1 |     9 |    17 |    18 |     2 ||    47
       Ration            |       |       |       |     3 |     1 ||     4
Armor: Animal skin       |    29 |    43 |       |       |       ||    72
       Scale mail        |       |    57 |    70 |       |       ||   127
       Plate armour      |       |       |   162 |   348 |   101 ||   611
Dodge: Dodged            |    51 |   117 |   197 |   193 |    49 ||   607
